General information
- name: BNet
- type: Ladder team game (AT/RT)
- host: Battle.net
- saver: SAABDRIVER
map: Mur'gulOasis
- players: 8
- length: 44:18
- speed: Fast
- version: 1.26 W3XP
- replay type: Public
» download(238 KB)
Players
team 1 (loser)

»
RUDOLPH (
red | 69 APM | 1534 actions | 22:15)
4 Death Knight
2 Death Coil
2 Unholy Aura
4 Lich
2 Frost Nova
2 Frost Armor
» actions
| Assign group hotkey | 30 | |
| Basic commands | 204 | |
| Build / train | 48 | |
| Enter build submenu | 13 | |
| Enter hero's abilities submenu | 8 | |
| Remove unit from queue | 1 | |
| Right click | 423 | |
| Select / deselect | 209 | |
| Select group hotkey | 547 | |
| Use ability | 51 | |
1534 total
» units
| Acolyte | 12 | |
| Ghoul | 3 | |
| Crypt Fiend | 5 | |
| Frost Wyrm | 2 | |
22 total
» upgrades
| Web | 1 | |
| Burrow | 1 | |
| Creature Attack | 2 | |
| Creature Carapace | 1 | |
| Freezing Breath | 1 | |
6 total
» buildings
| Ziggurat | 5 | |
| Crypt | 2 | |
| Altar of Darkness | 1 | |
| Tomb of Relics | 1 | |
| Nerubian Tower | 1 | |
| Graveyard | 1 | |
| Halls of the Dead | 1 | |
| Black Citadel | 1 | |
| Sacrificial Pit | 1 | |
| Boneyard | 1 | |
| Spirit Tower | 1 | |
16 total
» build order
00:16 Ziggurat
00:28 Crypt
00:33 Altar of Darkness
01:25 Ziggurat
01:57 Tomb of Relics
02:31 Nerubian Tower
02:44 Ziggurat
03:03 Graveyard
03:15 Crypt
04:15 Halls of the Dead
06:23 Ziggurat
07:14 Black Citadel
09:04 Sacrificial Pit
10:57 Boneyard
12:35 Ziggurat
14:22 Spirit Tower
» items
| Rod of Necromancy | 1 | |
| Boots of Speed | 1 | |
| Scroll of Town Portal | 1 | |
| Orb of Corruption | 1 | |
4 total
stammer (
teal | 24 APM | 1060 actions | 44:12)
3 Archmage
2 Summon Water Elemental
1 Brilliance Aura
2 Mountain King
1 Storm Bolt
1 Bash
» actions
| Assign group hotkey | 9 | |
| Build / train | 56 | |
| Enter build submenu | 19 | |
| Enter hero's abilities submenu | 5 | |
| Remove unit from queue | 1 | |
| Right click | 564 | |
| Select / deselect | 320 | |
| Select group hotkey | 17 | |
| Use ability | 69 | |
1060 total
» units
| Peasant | 16 | |
| Rifleman | 12 | |
| Sorceress | 1 | |
| Priest | 2 | |
31 total
» upgrades
| Gunpowder | 2 | |
| Armor | 1 | |
| Long Rifles | 1 | |
| Magic Sentry | 1 | |
5 total
» buildings
| Farm | 8 | |
| Altar of Kings | 1 | |
| Barracks | 1 | |
| Scout Tower | 4 | |
| Arcane Tower | 2 | |
| Blacksmith | 1 | |
| Lumber Mill | 1 | |
| Arcane Vault | 1 | |
| Keep | 1 | |
| Arcane Sanctum | 2 | |
| Guard Tower | 3 | |
| Castle | 1 | |
26 total
» build order
00:15 Farm
00:21 Altar of Kings
00:39 Barracks
00:49 Scout Tower
01:26 Arcane Tower
01:43 Blacksmith
01:57 Farm
02:17 Lumber Mill
03:24 Farm
03:36 Arcane Vault
04:02 Farm
05:03 Keep
05:55 Farm
06:44 Farm
07:42 Scout Tower
08:08 Arcane Sanctum
08:13 Arcane Sanctum
08:15 Guard Tower
09:10 Farm
12:58 Farm
13:41 Scout Tower
13:44 Castle
14:21 Guard Tower
14:39 Scout Tower
15:11 Guard Tower
» items
| Scroll of Regeneration | 1 | |
| Lesser Clarity Potion | 1 | |
| Potion of Healing | 2 | |
| Scroll of Town Portal | 1 | |
5 total
Charliesheen (
green | 23 APM | 1013 actions | 44:12)
3 Blademaster
1 Wind Walk
2 Critical Strike
3 Shadow Hunter
1 Hex
2 Healing Wave
» actions
| Basic commands | 32 | |
| Build / train | 52 | |
| ESC pressed | 1 | |
| Enter build submenu | 19 | |
| Enter hero's abilities submenu | 6 | |
| Give item / drop item | 2 | |
| Right click | 440 | |
| Select / deselect | 386 | |
| Use ability | 75 | |
1013 total
» units
| Peon | 19 | |
| Grunt | 3 | |
| Troll Headhunter/Berserker | 1 | |
| Shaman | 2 | |
| Tauren | 3 | |
28 total
» upgrades
| Spiked Barricades | 1 | |
| Armor | 1 | |
| Berserker Strength | 1 | |
| Melee Weapons | 1 | |
| Shaman Training | 2 | |
| Reinforced Defenses | 1 | |
7 total
» buildings
| War Mill | 1 | |
| Altar of Storms | 1 | |
| Orc Burrow | 5 | |
| Watch Tower | 8 | |
| Voodoo Lounge | 1 | |
| Stronghold | 1 | |
| Barracks | 1 | |
| Fortress | 1 | |
| Spirit Lodge | 1 | |
| Tauren Totem | 1 | |
21 total
» build order
00:13 War Mill
00:25 Altar of Storms
00:35 Orc Burrow
01:47 Watch Tower
02:03 Voodoo Lounge
03:21 Stronghold
03:39 Barracks
03:46 Orc Burrow
05:12 Orc Burrow
06:42 Fortress
07:39 Spirit Lodge
09:14 Tauren Totem
09:28 Watch Tower
09:33 Watch Tower
09:44 Orc Burrow
10:08 Watch Tower
11:14 Watch Tower
11:44 Watch Tower
12:46 Watch Tower
13:19 Orc Burrow
14:07 Watch Tower
» items
| Healing Salve | 2 | |
| Lesser Clarity Potion | 1 | |
| Staff of Teleportation | 1 | |
| Potion of Healing | 1 | |
| Orb of Lightning | 1 | |
6 total
TIMING- (
orange | 56 APM | 2455 actions | 44:12)
6 Blademaster
3 Wind Walk
2 Critical Strike
1 Bladestorm
2 Shadow Hunter
1 Hex
1 Healing Wave
» actions
| Assign group hotkey | 40 | |
| Basic commands | 1 | |
| Build / train | 61 | |
| Enter build submenu | 32 | |
| Enter hero's abilities submenu | 8 | |
| Give item / drop item | 4 | |
| Right click | 1078 | |
| Select / deselect | 243 | |
| Select group hotkey | 680 | |
| Use ability | 308 | |
2455 total
» units
» upgrades
| Ranged Weapons | 2 | |
| Armor | 2 | |
| Reinforced Defenses | 1 | |
| Envenomed Spears | 1 | |
6 total
» buildings
| Altar of Storms | 1 | |
| Orc Burrow | 7 | |
| War Mill | 1 | |
| Voodoo Lounge | 2 | |
| Stronghold | 3 | |
| Watch Tower | 40 | |
| Beastiary | 3 | |
| Fortress | 1 | |
| Great Hall | 1 | |
59 total
» build order
00:08 Altar of Storms
00:22 Orc Burrow
00:41 War Mill
01:24 Voodoo Lounge
02:24 Stronghold
02:24 Stronghold
02:29 Orc Burrow
03:04 Watch Tower
03:08 Watch Tower
03:21 Watch Tower
03:32 Orc Burrow
03:58 Watch Tower
04:35 Watch Tower
05:32 Beastiary
05:37 Beastiary
05:45 Orc Burrow
06:36 Fortress
07:10 Watch Tower
07:11 Watch Tower
07:11 Watch Tower
10:48 Watch Tower
10:50 Watch Tower
10:52 Orc Burrow
10:53 Orc Burrow
11:49 Watch Tower
11:49 Watch Tower
11:50 Watch Tower
11:51 Watch Tower
13:06 Orc Burrow
15:10 Great Hall
15:13 Watch Tower
15:13 Watch Tower
15:14 Watch Tower
15:14 Watch Tower
15:14 Watch Tower
15:33 Watch Tower
15:51 Watch Tower
15:51 Watch Tower
16:24 Watch Tower
16:25 Watch Tower
16:48 Watch Tower
19:31 Voodoo Lounge
20:40 Beastiary
25:01 Watch Tower
25:01 Watch Tower
25:01 Watch Tower
25:02 Watch Tower
25:03 Watch Tower
28:40 Watch Tower
28:41 Watch Tower
28:41 Watch Tower
28:41 Watch Tower
29:37 Watch Tower
29:38 Watch Tower
29:57 Watch Tower
29:57 Watch Tower
29:58 Watch Tower
29:59 Watch Tower
» items
| Healing Salve | 6 | |
| Lesser Clarity Potion | 2 | |
| Boots of Speed | 1 | |
| Staff of Teleportation | 1 | |
| Orb of Lightning | 1 | |
| Scroll of Town Portal | 2 | |
| Potion of Mana | 3 | |
| Potion of Lesser Invulnerability | 1 | |
17 total
team 2 (winner)
PiousMuslim (
yellow | 54 APM | 1731 actions | 31:49)
5 Archmage
3 Summon Water Elemental
2 Brilliance Aura
4 Mountain King
2 Storm Bolt
2 Bash
» actions
| Assign group hotkey | 15 | |
| Basic commands | 54 | |
| Build / train | 104 | |
| Enter build submenu | 29 | |
| Enter hero's abilities submenu | 9 | |
| Give item / drop item | 2 | |
| Remove unit from queue | 4 | |
| Right click | 939 | |
| Select / deselect | 315 | |
| Select group hotkey | 77 | |
| Use ability | 183 | |
1731 total
» units
| Peasant | 29 | |
| Rifleman | 9 | |
| Priest | 2 | |
| Sorceress | 7 | |
| Mortar Team | 1 | |
| Dragonhawk Rider | 2 | |
50 total
» upgrades
| Long Rifles | 1 | |
| Priest Training | 2 | |
| Magic Sentry | 1 | |
| Sorceress Training | 2 | |
| Control Magic | 1 | |
| Storm Hammers | 1 | |
| Fragmentation Shards | 1 | |
| Cloud | 1 | |
| Flare | 1 | |
11 total
» buildings
| Altar of Kings | 1 | |
| Farm | 12 | |
| Barracks | 1 | |
| Scout Tower | 4 | |
| Arcane Vault | 2 | |
| Blacksmith | 1 | |
| Arcane Tower | 3 | |
| Lumber Mill | 1 | |
| Keep | 1 | |
| Castle | 3 | |
| Arcane Sanctum | 2 | |
| Gryphon Aviary | 2 | |
| Workshop | 1 | |
| Town Hall | 3 | |
37 total
» build order
00:12 Altar of Kings
00:18 Farm
00:58 Farm
01:07 Barracks
01:51 Scout Tower
01:56 Farm
02:35 Arcane Vault
02:43 Blacksmith
02:46 Arcane Tower
02:55 Farm
03:09 Lumber Mill
03:54 Farm
05:27 Keep
06:41 Farm
06:44 Farm
07:51 Castle
07:51 Castle
08:00 Farm
08:00 Farm
08:15 Arcane Sanctum
08:21 Arcane Sanctum
12:53 Gryphon Aviary
13:11 Gryphon Aviary
13:15 Workshop
14:14 Arcane Vault
16:14 Farm
16:15 Farm
16:16 Farm
25:26 Town Hall
25:32 Town Hall
26:18 Town Hall
26:21 Scout Tower
28:30 Scout Tower
29:42 Arcane Tower
29:43 Arcane Tower
30:53 Scout Tower
» items
| Boots of Speed | 2 | |
| Dust of Appearance | 2 | |
| Scroll of Regeneration | 1 | |
| Potion of Healing | 1 | |
| Circlet of Nobility | 2 | |
| Scroll of Town Portal | 3 | |
| Staff of Sanctuary | 1 | |
| Orb of Fire | 1 | |
| Periapt of Vitality | 1 | |
| Potion of Lesser Invulnerability | 1 | |
| Scroll of Healing | 1 | |
16 total

»
king-khan (
blue | 38 APM | 1273 actions | 33:55)
4 Priestess of the Moon
2 Trueshot Aura
2 Searing Arrows
2 Keeper of the Grove
1 Entangling Roots
1 Thorns Aura
» actions
| Assign group hotkey | 29 | |
| Build / train | 75 | |
| Enter build submenu | 23 | |
| Enter hero's abilities submenu | 6 | |
| Give item / drop item | 1 | |
| Remove unit from queue | 7 | |
| Right click | 669 | |
| Select / deselect | 227 | |
| Select group hotkey | 187 | |
| Use ability | 49 | |
1273 total
» units
| Wisp | 13 | |
| Archer | 14 | |
| Huntress | 8 | |
| Dryad | 5 | |
40 total
» upgrades
| Strength of the Moon | 2 | |
| Ultravision | 1 | |
| Abolish Magic | 1 | |
4 total
» buildings
| Moon Well | 6 | |
| Altar of Elders | 1 | |
| Ancient of War | 1 | |
| Hunter's Hall | 1 | |
| Ancient Protector | 5 | |
| Tree of Ages | 2 | |
| Ancient of Lore | 1 | |
| Ancient of Wind | 1 | |
| Tree of Eternity | 3 | |
| Ancient of Wonders | 1 | |
22 total
» build order
00:20 Moon Well
00:33 Altar of Elders
01:11 Ancient of War
01:42 Moon Well
02:12 Hunter's Hall
02:37 Moon Well
03:24 Ancient Protector
03:32 Ancient Protector
04:23 Moon Well
05:21 Moon Well
06:17 Moon Well
07:34 Tree of Ages
07:34 Tree of Ages
07:44 Ancient Protector
08:53 Ancient Protector
10:29 Ancient of Lore
11:59 Ancient of Wind
12:05 Tree of Eternity
12:05 Tree of Eternity
12:05 Tree of Eternity
13:17 Ancient Protector
14:19 Ancient of Wonders
» items
| Scroll of Town Portal | 2 | |
| Orb of Fire | 1 | |
| Potion of Healing | 1 | |
| Scroll of Regeneration | 1 | |
5 total
SAABDRIVER (
pink | 38 APM | 1677 actions | 44:18)
9 Blademaster
3 Wind Walk
3 Critical Strike
1 Bladestorm
2 Mirror Image
» actions
| Assign group hotkey | 27 | |
| Basic commands | 64 | |
| Build / train | 64 | |
| Enter build submenu | 40 | |
| Enter hero's abilities submenu | 10 | |
| Give item / drop item | 11 | |
| Remove unit from queue | 1 | |
| Right click | 897 | |
| Select / deselect | 275 | |
| Select group hotkey | 147 | |
| Use ability | 141 | |
1677 total
» units
| Peon | 9 | |
| Grunt | 5 | |
| Troll Batrider | 7 | |
| Wind Rider | 4 | |
25 total
» upgrades
| Ranged Weapons | 3 | |
| Armor | 3 | |
| Troll Regeneration | 1 | |
| Reinforced Defenses | 1 | |
| Liquid Fire | 1 | |
| Envenomed Spears | 1 | |
10 total
» buildings
| Orc Burrow | 4 | |
| Altar of Storms | 1 | |
| Barracks | 1 | |
| Voodoo Lounge | 3 | |
| Stronghold | 1 | |
| War Mill | 2 | |
| Watch Tower | 21 | |
| Fortress | 1 | |
| Beastiary | 3 | |
| Spirit Lodge | 1 | |
| Great Hall | 2 | |
40 total
» build order
00:12 Orc Burrow
01:02 Altar of Storms
01:05 Barracks
01:09 Orc Burrow
02:02 Voodoo Lounge
03:06 Stronghold
04:13 War Mill
05:35 Watch Tower
05:37 Watch Tower
05:37 Watch Tower
07:34 Watch Tower
07:35 Watch Tower
07:38 Watch Tower
07:40 Watch Tower
08:45 Fortress
10:25 Beastiary
10:26 Beastiary
10:30 Beastiary
11:05 Spirit Lodge
12:24 Orc Burrow
12:26 Orc Burrow
19:20 Great Hall
19:26 Watch Tower
19:26 Watch Tower
19:27 Watch Tower
19:27 Watch Tower
19:28 Watch Tower
19:34 Watch Tower
19:35 Watch Tower
19:35 Watch Tower
19:37 Watch Tower
19:40 Watch Tower
20:37 Voodoo Lounge
21:45 Voodoo Lounge
25:00 War Mill
25:53 Great Hall
27:14 Watch Tower
27:16 Watch Tower
27:19 Watch Tower
27:20 Watch Tower
» items
| Healing Salve | 7 | |
| Staff of Teleportation | 1 | |
| Scroll of Town Portal | 3 | |
| Potion of Healing | 2 | |
| Potion of Mana | 1 | |
| Lesser Clarity Potion | 1 | |
| Orb of Lightning | 1 | |
16 total
STAB (
purple | 63 APM | 2771 actions | 44:12)
9 Archmage
3 Summon Water Elemental
3 Brilliance Aura
2 Blizzard
1 Mass Teleport
» actions
| Assign group hotkey | 86 | |
| Basic commands | 33 | |
| Build / train | 169 | |
| ESC pressed | 1 | |
| Enter build submenu | 47 | |
| Enter hero's abilities submenu | 9 | |
| Give item / drop item | 7 | |
| Right click | 1075 | |
| Select / deselect | 350 | |
| Select group hotkey | 770 | |
| Use ability | 224 | |
2771 total
» units
| Peasant | 21 | |
| Footman | 8 | |
| Dragonhawk Rider | 1 | |
| Gryphon Rider | 3 | |
| Sorceress | 1 | |
34 total
» upgrades
| Swords | 3 | |
| Armor | 3 | |
| Masonry | 3 | |
| Lumber Harvesting | 2 | |
| Storm Hammers | 1 | |
| Sorceress Training | 2 | |
| Cloud | 1 | |
| Priest Training | 2 | |
| Control Magic | 1 | |
| Plating | 3 | |
| Gunpowder | 3 | |
| Animal War Training | 1 | |
| Long Rifles | 1 | |
| Defend | 1 | |
27 total
» buildings
| Altar of Kings | 1 | |
| Barracks | 1 | |
| Farm | 6 | |
| Arcane Vault | 2 | |
| Lumber Mill | 2 | |
| Blacksmith | 1 | |
| Keep | 3 | |
| Town Hall | 2 | |
| Scout Tower | 27 | |
| Castle | 5 | |
| Gryphon Aviary | 4 | |
| Guard Tower | 35 | |
| Arcane Sanctum | 1 | |
| Cannon Tower | 4 | |
94 total
» build order
01:02 Altar of Kings
01:05 Barracks
01:10 Farm
01:13 Farm
01:19 Farm
01:29 Farm
01:58 Farm
02:29 Arcane Vault
02:37 Lumber Mill
02:44 Farm
03:59 Blacksmith
05:40 Keep
05:40 Keep
08:37 Town Hall
08:41 Scout Tower
08:42 Scout Tower
08:42 Scout Tower
08:49 Scout Tower
08:50 Scout Tower
08:51 Scout Tower
08:52 Scout Tower
09:10 Castle
09:10 Castle
09:10 Castle
09:12 Gryphon Aviary
09:12 Gryphon Aviary
09:15 Guard Tower
09:49 Guard Tower
09:50 Guard Tower
09:51 Scout Tower
09:52 Scout Tower
09:53 Scout Tower
09:54 Scout Tower
09:55 Scout Tower
10:45 Guard Tower
10:46 Guard Tower
11:28 Scout Tower
11:29 Scout Tower
11:32 Scout Tower
12:16 Guard Tower
12:28 Guard Tower
12:28 Guard Tower
12:28 Guard Tower
12:35 Lumber Mill
13:18 Scout Tower
13:19 Scout Tower
13:20 Scout Tower
14:23 Guard Tower
14:23 Guard Tower
14:24 Guard Tower
14:29 Arcane Sanctum
17:48 Gryphon Aviary
17:49 Gryphon Aviary
19:14 Guard Tower
19:14 Guard Tower
19:14 Guard Tower
19:21 Guard Tower
19:21 Guard Tower
19:22 Guard Tower
19:41 Guard Tower
19:41 Guard Tower
20:42 Arcane Vault
21:00 Scout Tower
21:01 Scout Tower
21:03 Scout Tower
21:07 Scout Tower
21:11 Scout Tower
21:39 Guard Tower
21:39 Guard Tower
21:46 Scout Tower
22:35 Guard Tower
22:35 Guard Tower
22:35 Guard Tower
22:38 Scout Tower
22:40 Scout Tower
23:43 Guard Tower
23:44 Guard Tower
23:44 Guard Tower
35:59 Cannon Tower
36:00 Cannon Tower
36:00 Cannon Tower
36:05 Scout Tower
38:14 Guard Tower
38:14 Guard Tower
38:52 Town Hall
» items
| Periapt of Vitality | 2 | |
| Staff of Teleportation | 1 | |
| Tome of Retraining | 1 | |
| Potion of Invisibility | 6 | |
| Potion of Lesser Invulnerability | 2 | |
| Scroll of Regeneration | 2 | |
| Lesser Clarity Potion | 2 | |
| Scroll of Town Portal | 1 | |
| Potion of Healing | 1 | |
| Ivory Tower | 4 | |
| Orb of Lightning | 1 | |
23 total
Chat log
(00:05 / Allies) king-khan: rush
(00:08 / All) STAB: wow high ELL game, I am certain you are all pros
(00:30 / Allies) PiousMuslim: rifles breakers sorcs
(00:36 / Allies) king-khan: ok
(00:50 / Allies) PiousMuslim: we all need to be prepared for wyvs/bats
(00:56 / All) Charliesheen: bats for me
(01:02 / Allies) king-khan: ok
(01:18 / Allies) PiousMuslim: someone give blue an arcane tower
(01:33 / Allies) king-khan: :D
(01:38 / Allies) PiousMuslim: he will need one
(01:43 / Allies) king-khan: lmao
(01:56 / Allies) king-khan: you funny
(02:07 / Allies) PiousMuslim: ha ha ha...
(02:25 / Allies) SAABDRIVER: panic'd
(04:56 / Allies) king-khan: salam to you yellow
(05:00 / Allies) PiousMuslim: wtf
(05:03 / Allies) PiousMuslim: im irish'
(05:07 / Allies) king-khan: lmao
(05:09 / Allies) king-khan: ok...
(05:24 / Allies) PiousMuslim: no salami here
(05:28 / Allies) king-khan: lol
(05:46 / Allies) PiousMuslim: iom fine
(05:47 / Allies) PiousMuslim: purple
(05:50 / Allies) PiousMuslim: im good
(06:01 / Allies) PiousMuslim: sigh,,
(06:03 / Allies) STAB: I wanted to creep it
(06:05 / Allies) STAB: but you dtole it
(06:07 / Allies) STAB: stole it
(06:08 / Allies) STAB: fag
(07:15 / Allies) STAB: let's creep an expo
(08:13 / Allies) STAB: I give you cloak pink
(08:24 / Allies) STAB: give me war drums or good am item if they drop
(08:30 / Allies) SAABDRIVER: iight
(09:26 / Allies) STAB: claws for you too
(09:48 / Allies) STAB: cunning hood would be better for you too
(09:59 / Allies) STAB: give prot ring
(10:13 / Allies) STAB: there
(10:14 / Allies) STAB: +13 pro
(11:08 / All) TIMING-: blue im pretty sure u hack
(11:14 / All) king-khan: ?
(11:22 / All) PiousMuslim: hes terrible
(11:23 / All) TIMING-: a guilty person would say that
(11:24 / All) PiousMuslim: he doesnt hack
(11:26 / All) king-khan: cause im in my base
(11:27 / All) Charliesheen: no shit they hack
(13:40 / Allies) PiousMuslim: TP PLZ
(13:48 / Allies) king-khan: gogogog
(13:51 / Allies) PiousMuslim: kk
(14:09 / Allies) king-khan: no shop?
(14:11 / Allies) king-khan: lol
(14:30 / Allies) PiousMuslim: come blue
(14:43 / Allies) PiousMuslim: blue units
(15:30 / Allies) king-khan: no help?
(15:40 / Allies) SAABDRIVER: I have bats
(18:23 / All) STAB: we are raping you noobs with heroes
(18:27 / All) king-khan: oj u a hacker
(18:32 / All) TIMING-: teal just said level 6 heros
(18:33 / Allies) king-khan: fuck you mean fag
(18:36 / All) Charliesheen: u the ufckign hacker ii emember
(18:40 / Allies) SAABDRIVER: lumber
(19:18 / All) TIMING-: this team o fmine
(19:25 / All) TIMING-: no teamwork whatsoever
(19:56 / Allies) PiousMuslim: thx blue
(20:00 / Allies) king-khan: np
(20:07 / Allies) king-khan: just gold me once in a while for tp
(20:12 / Allies) PiousMuslim: lol
(20:14 / All) TIMING-: teal do u want me to pound ur archmage
(20:18 / Allies) PiousMuslim: i didnt need you THAT bad
(20:46 / Allies) SAABDRIVER: lumbers?
(20:58 / All) TIMING-: i hate am casters rifles
(20:59 / Allies) SAABDRIVER: this map is hard on orc
(21:02 / All) TIMING-: such a bitch to deal with
(21:12 / All) SAABDRIVER: plus you can a move them
(21:22 / All) SAABDRIVER: inner fire and healing auto matic
(22:40 / All) TIMING-: bitch hacker
(22:49 / All) king-khan: cause i tp?
(22:53 / All) king-khan: you suck ass nigger
(23:05 / All) Charliesheen: no at least 2 of your team hacks its obvious
(23:05 / All) STAB: Orange is owning you bluie lol
(23:15 / All) king-khan: ok?
(23:16 / All) SAABDRIVER: which 2
(23:28 / All) TIMING-: wtf
(23:36 / All) Charliesheen: yelow at least
(23:38 / All) king-khan: lemme guess
(23:39 / All) king-khan: hack
(23:42 / All) king-khan: ?
(23:46 / All) TIMING-: how did yellow know i was there
(23:53 / All) PiousMuslim: saw your sh
(23:54 / All) Charliesheen: me moves before i move straight line stpuid
(23:55 / All) STAB: he tped preemptively
(23:55 / All) king-khan: 'timing"
(23:57 / All) king-khan: idiot
(23:59 / All) stammer: cuz he can see the whole fucking map
(24:00 / All) STAB: very suspicious
(24:03 / All) Charliesheen: bull shit
(24:09 / All) STAB: yellow are you maphacking?
(24:10 / All) stammer: he ambush me at creeps too
(24:11 / Allies) king-khan: purp stfu
(24:18 / Allies) STAB: or what?
(24:21 / Allies) PiousMuslim: fuck no
(24:24 / Allies) PiousMuslim: his sh
(24:25 / All) king-khan: ?
(24:28 / Allies) PiousMuslim: was on my mini map
(24:29 / All) TIMING-: am casters is the typical mh strat
(24:41 / Allies) PiousMuslim: EXPLIODE
(24:43 / Allies) SAABDRIVER: oh shit
(24:44 / Allies) PiousMuslim: DUDE
(24:48 / All) stammer: stupid dirty muslim
(24:51 / Allies) SAABDRIVER: fuck
(24:56 / Allies) STAB: pink
(24:56 / Allies) PiousMuslim: ffs pink
(24:58 / Allies) STAB: are you serious
(25:00 / Allies) STAB: fucking scrub
(25:02 / Allies) SAABDRIVER: soz
(25:04 / All) stammer: u should be orc not human just liek dirty muslim
(25:13 / Allies) SAABDRIVER: I m moved them for some reason
(25:13 / All) STAB: did you misclick move them into his expo or something? lol
(25:14 / Allies) SAABDRIVER: instead of c
(25:23 / All) stammer: look at yellows record
(25:31 / All) stammer: u dont get that record in 4v4 unless u hack
(25:35 / All) TIMING-: yeap, a hacking record
(25:37 / All) Charliesheen: when i went to center he moves toward where im moving its obvious stupid watch replay
(25:44 / All) king-khan: or u just suck teal...
(25:57 / All) STAB: I think yellow is a hacker too
(25:57 / All) king-khan: and u have to justify by making false allegations
(26:00 / All) stammer: ya i suck vs hackers
(26:02 / All) stammer: i admit it
(26:11 / All) stammer: fucking fraud
(26:13 / All) Charliesheen: no i know hes hacked before so
(26:25 / Allies) PiousMuslim: gold me pink
(26:28 / All) stammer: hes probably such a nerd
(26:37 / Allies) STAB: ?
(26:41 / Allies) STAB: both trying to take the expo
(26:45 / All) Charliesheen: whats a good porn to wack off too?
(26:45 / Allies) STAB: only 1 can mine from it at a time you noobs
(26:59 / All) stammer: ask yellow porn and wc is his life
(27:12 / All) Charliesheen: he runs straigght to expo and to orange lol
(27:14 / All) TIMING-: how did u know my bm was going there yellow
(27:19 / Allies) STAB: n00b?
(27:29 / Allies) STAB: ONLY 1 CAN MINE FROM MINE
(27:29 / Allies) SAABDRIVER: mine has 100 more life
(27:30 / All) PiousMuslim: how did you know my expo was there?
(27:38 / All) TIMING-: its by ur base?
(27:38 / All) stammer: cuz ur a dirty paki
(27:39 / Allies) STAB: ONLY 1 CAN MINE FROM MINE
(27:47 / Allies) STAB: ONLY 1 CAN MINE FROM MINE
(27:50 / All) stammer: trying to expand and immigrate like your country
(27:57 / All) king-khan: racist bigot?
(28:01 / All) king-khan: no one likes you
(28:02 / All) stammer: go blow urself up in a car bomb
(28:16 / All) king-khan: you're probably mad at your life
(28:18 / All) stammer: stfu king cock
(28:36 / All) king-khan: good one
(28:48 / All) king-khan: so clever...
(28:55 / All) TIMING-: im positive either blue or yellow hacks
(28:56 / Allies) STAB: ONLY 1 CAN MINE FROM MINE
(28:59 / Allies) STAB: YELLOW
(29:04 / Allies) STAB: ONLY 1 CAN MINE FROM MINE U n00b
(29:07 / All) stammer: its just pathetic this guy hacks
(29:08 / Allies) PiousMuslim: im waiting
(29:10 / All) king-khan: nah
(29:12 / Allies) PiousMuslim: chill i knopw
(29:20 / Allies) STAB: waiting for WHAT
(29:23 / Allies) STAB: that sounds like a THREAT
(30:01 / All) stammer: wtf u care if im racist to a hacker
(30:05 / All) stammer: must be cuz ur a paki too
(30:11 / All) king-khan: makes sense?
(30:14 / All) stammer: kahn abdul mohammed is ur name prob
(30:19 / All) king-khan: you're logic is impeccable
(30:21 / All) king-khan: douche
(30:25 / All) stammer: dirty terrorist
(30:30 / All) king-khan: you probably live in your mom's basement
(30:40 / All) king-khan: you overweight piece of shit
(30:44 / All) stammer: i live in my own fucking condo
(30:53 / All) TIMING-: blue stfu u hmong grasshopper
(30:56 / All) king-khan: im on defending his "heritage" because you're an ignorant prick
(31:12 / All) STAB: I really don't like hackers
(31:18 / All) stammer: shut up khan abdul mohammad car bomber
(31:29 / All) king-khan: ha? great one
(31:32 / Allies) PiousMuslim: im risih
(31:41 / Allies) PiousMuslim: irish
(31:58 / All) king-khan: im actually italian but its all good im going to let your ignorance prevail
(32:09 / All) STAB: why aren't you two on northrend
(32:17 / All) STAB: and why do you play wc3 at the very start of the morning
(32:19 / All) STAB: first thing
(32:28 / All) stammer: im italian myself
(32:31 / All) king-khan: its 1:29 am here
(32:42 / All) STAB: that's not the time in italy right now
(32:48 / All) king-khan: i live in the US
(32:57 / All) king-khan: didnt say i lived in italy..
(33:09 / All) STAB: cazzo, vai via stronzo
(33:09 / All) king-khan: wow pink
(33:12 / All) TIMING-: do like the godfather series, blue? its about italian hitman
(33:13 / All) STAB: che cazzo
(33:19 / All) stammer: stronzo lol
(33:21 / All) SAABDRIVER: DIE TERRORISTS
(33:32 / All) king-khan: lol
(33:34 / All) king-khan: ok
(33:38 / All) SAABDRIVER: Raghead
(33:39 / All) STAB: I just googled italian insults
(33:41 / All) TIMING-: hacker down blue
(33:58 / All) STAB: figlio di puttana
(34:07 / All) stammer: LMAO
(34:10 / All) STAB: No Skuche ala Gats!
(34:18 / All) stammer: puttana is classic
(34:23 / All) STAB: is it lawl
(34:23 / All) TIMING-: gonna rape u guys
(34:25 / All) stammer: my nonnas go to
(34:28 / All) STAB: what are some good italian insults teal
(34:40 / All) STAB: this shit on google isn't as good as learning from a real italian
(34:45 / All) STAB: how do I insult italians in 4v4 rt
(34:47 / All) stammer: u named a dece amount
(35:06 / All) stammer: i dont know how to spell it but it sounds like "von" "cool" "o"
(35:11 / All) stammer: means fuck
(35:25 / All) STAB: vaffanculo?
(35:26 / All) TIMING-: and i did spam stop i have more than 10
(35:36 / All) stammer: lol ya
(35:40 / All) STAB: nice
(35:48 / All) STAB: these google insults are better than I expected
(36:10 / All) stammer: did u guys backstab the terrorist or something?
(36:15 / All) STAB: yeah
(36:21 / All) STAB: we team killed his paki ass
(36:25 / All) stammer: god bless
(36:42 / Allies) SAABDRIVER: bring yo clooud
(36:49 / All) stammer: ISIS bastard
(37:22 / All) STAB: Blue is a moron
(37:25 / All) STAB: he defends terrorists
(37:49 / All) stammer: i have np issue losing to quality citizens
(38:59 / All) STAB: teal
(39:06 / All) stammer: yo
(39:10 / All) STAB: did ISIS ever come up and blow up the "leaning tower of pizza" in rome like they promised
(39:19 / All) stammer: no
(39:38 / All) stammer: all theyre doing is beheading americans
(39:46 / All) stammer: journalists
(39:47 / All) STAB: they couldn't even say on twitter what its name was properly, or what city it was in
(40:02 / All) STAB: yet they say they are going to invade italy and islamisise it
(40:03 / All) stammer: im from toronto canada
(40:25 / All) stammer: one guy that i went to highschool with was shot and killed in ottawa
(40:30 / All) stammer: soldier
(40:41 / All) STAB: by mudslimes?
(40:45 / All) stammer: isis related
(40:45 / All) TIMING-: why dont people like french canadians
(41:10 / All) stammer: because they hate everyone
(41:20 / All) stammer: french canadiens are noobs
(41:28 / All) stammer: if u dont speak french they treat u like shit
(42:05 / All) SAABDRIVER: HEHE
(42:09 / All) SAABDRIVER: what was that all aboot eh
(42:52 / All) STAB: Turncoat's bm owns yours lawl
(43:22 / All) STAB: he has cloak of flames, +4 agi and int hood, lightning orb, +9 claws
(43:24 / All) STAB: and talisman of evasion
(43:27 / All) STAB: yours just has store items
(43:44 / All) stammer: dota esque